 Dungeon Crawl Stone Soup version 0.20.1-1-g8b1a95d (webtiles) character file.

18 smedtjen the Skirmisher (level 2, -2/24 HPs)
             Began as a Demonspawn Abyssal Knight on Nov 8, 2017.
             Was a Follower of Lugonu.
             Slain by Natasha (7 damage)
             ... on level 2 of the Dungeon.
             The game lasted 00:04:39 (1236 turns).

smedtjen the Skirmisher (Demonspawn Abyssal Knight) Turns: 1236, Time: 00:04:40

Health: -2/24      AC:  0    Str: 12    XL:     2   Next: 51%
Magic:  0/4        EV: 18    Int: 13    God:    Lugonu [*.....]
Gold:   65         SH:  0    Dex: 17    Spells: 1/1 levels left

rFire    . . .     SeeInvis .   (weapon currently unavailable)
rCold    . . .     Gourm    .   (shield currently unavailable)
rNeg     . . .     Faith    .   (armour currently unavailable)
rPois    .         Spirit   +   (helmet currently unavailable)
rElec    .         Reflect  .   (cloak currently unavailable)
rCorr    .         Harm     .   (gloves currently unavailable)
MR       .....                  (boots currently unavailable)
Stlth    ++........             (no amulet)
Regen    0.1/turn               (ring currently unavailable)
MPRegen  0.1/turn               (ring currently unavailable)

@: about to teleport, bat-form, flying, very quick
A: magic shield
a: Depart the Abyss, Renounce Religion


You were on level 2 of the Dungeon.
You worshipped Lugonu.
Lugonu was aware of your devotion.
You were not hungry.
You were in bat-form.
You visited 1 branch of the dungeon, and saw 2 of its levels.
You visited the Abyss 1 time.

You collected 65 gold pieces.

Inventory:

Hand Weapons
 a - a +1 spear (melded)
Missiles
 i - 3 tomahawks
 l - 7 javelins (quivered)
Armour
 b - a +0 leather armour
 k - a +0 ring mail (melded)
Jewellery
 e - a ring of resist corrosion (melded)
 p - an uncursed amulet of guardian spirit {unknown}
Scrolls
 d - a scroll of immolation
 f - 2 scrolls of remove curse
Potions
 g - a potion of berserk rage {unknown}
 h - 4 potions of curing {unknown}
 j - a potion of mutation {unknown}
 o - a potion of ambrosia {unknown}
 q - 2 potions of heal wounds {unknown}
Comestibles
 c - 2 bread rations
 n - a chunk of flesh


   Skills:
 + Level 3.5 Fighting
 + Level 2.0 Polearms
 + Level 1.9 Armour
 + Level 0.8 Dodging
 + Level 2.8 Invocations


You had one spell level left.
You didn't know any spells.

Dungeon Overview and Level Annotations

Branches:
Dungeon (2/15)

Altars:

Annotations:
D:2 Natasha


Innate Abilities, Weirdness & Mutations

When hurt, damage is shared between your health and your magic reserves.


Message History

The white imp barely misses you.
You hit Natasha.
Natasha is lightly wounded.
Natasha misses you. The white imp completely misses you.
You hit Natasha but do no damage.
Natasha is lightly wounded.
Natasha closely misses you. The white imp closely misses you.
Okay, then.
You barely miss Natasha.
Natasha is lightly wounded.
Natasha misses you. The white imp closely misses you.
You hit Natasha but do no damage.
Natasha is lightly wounded.
Natasha zaps a wand.
You resist with significant effort. The white imp gestures at you.
The puff of frost hits you!
* * * LOW HITPOINT WARNING * * *
As you read the scroll of teleportation, it crumbles to dust.
You feel strangely unstable. Natasha claws you!
You die...

#...........#..#####
#..##.......<.......
...###.###.##..#####
...............#..
...###.###.#...#.### #
...###.........#...# ..#
...............#.#.#...#
.................5......
..##.###........bh.....#
.###.# #.#.#.#####.#...(
.###.###.#.#.# .. .
.............# #..
####.###.#.####### .#
#.# #.#........ # #.#
#.######### #.# #.# #.#


You could see Natasha and a white imp.

Vanquished Creatures
  A dart slug (D:1)
  A leopard gecko (D:1)
  A giant cockroach (D:2)
  3 hobgoblins (D:1)
  3 kobolds (D:1)
  2 frilled lizards (D:1)
  4 rats
15 creatures vanquished.

Notes
Turn   | Place    | Note
-------+----------+-------------------------------------------
     0 | Abyss:1  | smedtjen the Demonspawn Abyssal Knight began the quest for the Orb.
     0 | Abyss:1  | Reached XP level 1. HP: 18/18 MP: 2/2
    86 | Abyss:1  | Noticed a thrashing horror
    87 | D:1      | Escaped the Abyss
   182 | D:1      | Gained mutation: When hurt, damage is shared between your health and your magic reserves. [demonic ancestry]
   182 | D:1      | Reached XP level 2. HP: 13/24 MP: 4/4
  1150 | D:2      | Reached * piety under Lugonu
  1221 | D:2      | Noticed Natasha
  1236 | D:2      | Slain by Natasha

Skill      XL: |  1  2 |
---------------+-------+-----
Polearms       | 2 |  2.0
Fighting       | |  3.5
Armour         | |  1.9
Dodging        | |  0.8
Invocations    | |  2.8

Action                   || total
-------------------------++-------
Melee: Spear             ||    42
       Unarmed           ||    10
Invok: Depart the Abyss  ||     1
  Use: Scroll            ||    11
  Eat: Chunk             ||     1
Armor: Ring mail         ||     5
Dodge: Dodged            ||    22
